 Dungeon Crawl Stone Soup version 0.29.1-12-g30fa7ad0bf (webtiles) character file.

Game seed: 2189402738234429597

53 Sanktem7 the Trooper (level 3, 0/34 HPs)
             Began as a Minotaur Fighter on Dec 15, 2022.
             Killed from afar by Sigmund (6 damage)
             ... with a magic dart
             ... on level 2 of the Dungeon.
             The game lasted 00:02:14 (1251 turns).

Sanktem7 the Trooper (Minotaur Fighter)             Turns: 1251, Time: 00:02:15

Health: 0/34       AC: 11    Str: 22    XL:     3   Next: 62%
Magic:  2/2        EV:  6    Int:  5    God:
Gold:   60         SH:  4    Dex:  9    Spells: 2/2 levels left

rFire   . . .      SeeInvis .   i - +0 hand axe (elec) {axe}
rCold   . . .      Faith    .   c - +0 buckler
rNeg    . . .      Spirit   .   j - +0 plate armour
rPois   .          Reflect  .   (helmet restricted)
rElec   .          Harm     .   (no cloak)
rCorr   .          Rampage  .   (no gloves)
Will    .....                   (no boots)
Stlth   ..........              (no amulet)
HPRegen 0.11/turn               (no ring)
MPRegen 0.08/turn               (no ring)

@: no status effects
A: horns 2, retaliatory headbutt
a: no special abilities


You were on level 2 of the Dungeon.
You visited 1 branch of the dungeon, and saw 2 of its levels.

You collected 60 gold pieces.


Innate Abilities, Weirdness & Mutations

You have a pair of horns on your head.
You reflexively headbutt those who attack you in melee.


   Skills:
 * Level 4.6 Fighting
 * Level 3.5 Axes
 + Level 4.1 Armour
 - Level 3.6 Shields


You had 2 spell levels left.
You didn't know any spells.
Your spell library was empty.

Inventory:

Hand Weapons
 i - a +0 hand axe of electrocution (weapon) {axe}
   (You found it on level 1 of the Dungeon)
Missiles
 g - 20 stones (quivered) {throwing}
 l - 2 throwing nets {=f!fthrowing}
Armour
 c - a +0 buckler (worn)
 j - a +0 plate armour (worn)
   (You found it on level 1 of the Dungeon)
Scrolls
 b - a scroll of teleportation {unknown}
 e - a scroll of summoning {unknown}
 h - a scroll of identify {unknown}
Potions
 a - a potion of cancellation {unknown}
 d - a potion of might
 f - a potion of curing {unknown}
 k - a potion of flight {unknown}

Dungeon Overview and Level Annotations

Branches:
Dungeon (2/15) Zot: 10728

Altars:

Annotations:
D:2 Sigmund

#.... #........# #....
#........#
#....##........
#....##......!
#.........#.#
#...........#
#........###
#......{...# #+#####
#......@...# ......#
#..........# ......#
###'####...# ......#
#.....#...# ......#
#.....#...#
......#####.....#...#
......#.......).#....
........###.....#.....
........#
#.....##.....


There were no monsters in sight!


Message History

Found a stone staircase leading up. 😎 HP[+11]
Your hp is fully restored (34).
Found a stone staircase leading down.
k - a bubbling clear potion
l - 2 throwing nets {=f!fthrowing} A goblin comes into view.
It is wielding a +0 dagger.
The goblin shouts!
The goblin unwields a +0 dagger.
The goblin wields a +0 sling.
The goblin shoots a sling bullet.
The sling bullet hits you but does no damage.
A goblin is nearby!
The goblin shoots a sling bullet.
You block the sling bullet.
The goblin shoots a sling bullet.
You block the sling bullet.
The goblin shoots a sling bullet.
The sling bullet closely misses you.
The goblin shoots a sling bullet.
The sling bullet hits you but does no damage.
You hit the goblin.
The goblin unwields a +0 sling.
The goblin wields a +0 dagger.
The goblin hits you with a +0 dagger.
You barely miss the goblin. You block the goblin's attack.
You barely miss the goblin. You headbutt the goblin.
You kill the goblin!
No target in view!
No target in view!
No target in view!
No target in view!
No target in view!
No target in view!
No target in view!
No target in view!
No target in view!
No target in view!
No target in view!
g - 20 stones {throwing} (gained 2)
You now have 60 gold pieces (gained 14).
You open the door.
Sigmund the Dreaded comes into view.
He is wielding a +0 vampiric scythe.
Sigmund shouts!
Sigmund casts a spell at you.
You are confused.
There is an open door here.
You're too confused to move!
Sigmund barely misses you.
Sigmund points at you and mumbles some strange words.
You are more confused.
Sigmund breathes a few words.
Sigmund's hands start flickering wildly.
Sigmund barely misses you.
You closely miss Sigmund. Your headbutt misses Sigmund.
Sigmund gestures wildly while chanting.
Sigmund flickers and vanishes!
Deactivating autopickup; reactivate with Ctrl-A.
Something hits you. 😕 HP[-6]
You take 6 damage, and now have 28/34 hp.
Something hits you but does no damage.
You hear some strange, mumbled words.
Something tries to affect you, but you resist.
You hit something. Lightning courses through something!
Something hits you but does no damage.
You're too confused to move!
You feel less confused.
A magic dart appears from out of thin air!
The magic dart hits you but does no damage.
Something hits you. 😮 HP[-6]
You take 6 damage, and now have 22/34 hp.
You closely miss something.
Something hits you but does no damage. 😮 HP[+1]
You closely miss something. Something hits you!
* * * LOW HITPOINT WARNING * * *
😨 HP[-8]
You take 8 damage, and now have 15/34 hp.
MASSIVE DAMAGE!! (PAUSE)
You closely miss something. You headbutt something. You barely miss something.
You headbutt something. Something hits you but does no damage.
You miss something. Something hits you.
* * * LOW HITPOINT WARNING * * *
😨 HP[-3]
You take 3 damage, and now have 12/34 hp.
You slash something! Something hits you!
* * * LOW HITPOINT WARNING * * *
😱 HP[-7]
You take 7 damage, and now have 5/34 hp.
MASSIVE DAMAGE!! (PAUSE)
You completely miss something.
You hear some strange, mumbled words.
Something tries to affect you, but you resist.
You closely miss something.
You hear some strange, mumbled words.
A magic dart appears from out of thin air!
The magic dart hits you but does no damage.
You miss something.
Something hits you but does no damage. 😱 HP[+1]
You slash something!
You hear some strange, mumbled words.
A magic dart appears from out of thin air!
The magic dart hits you.
You die...

Skill      XL: |  1  2 |
---------------+-------+-----
Fighting       | 4 |  4.6
Axes           | 3 |  3.5
Armour         | 4 |  4.1
Shields        | |  3.6

Action                   || total
-------------------------++-------
Melee: War axe           ||    21
       Hand axe          ||    65
       Headbutt          ||     9
Armor: Scale mail        ||    21
       Plate armour      ||    22
Dodge: Dodged            ||    35
Block: Buckler           ||    18

Levels and vault maps discovered:
D:1:      kennysheep_arrival_forest, layout_basic, serial_glass,
          glass_columns_c, glass_columns_a, minmay_tromino_v7
D:2:      layout_basic, grunt_decor_fettered, minmay_small_reverse_x,
          uniq_sigmund

Notes
Turn   | Place    | Note
-------+----------+-------------------------------------------
     0 | D:1      | Sanktem7 the Minotaur Fighter began the quest for the Orb.
     0 | D:1      | Reached XP level 1. HP: 19/19 MP: 0/0
     0 | D:1      | magus.rc [v1.9.6]
   179 | D:1      | Reached skill level 4 in Fighting
   179 | D:1      | Reached skill level 3 in Axes
   179 | D:1      | Reached XP level 2. HP: 19/27 MP: 1/1
   437 | D:1      | Reached skill level 4 in Armour
   439 | D:1      | Reached XP level 3. HP: 32/33 MP: 2/2
  1225 | D:2      | Noticed Sigmund
  1247 | D:2      | HP: 5/34 [something (7)]
  1251 | D:2      | Killed from afar by Sigmund

Vanquished Creatures
  A gnoll (D:1)
  An adder (D:2)
  2 endoplasms (D:1)
  3 giant cockroaches (D:1)
  4 goblins
  A hobgoblin (D:1)
  5 jackals (D:1)
  A quokka (D:2)
  2 bats (D:1)
  4 frilled lizards
  5 kobolds
  2 rats (D:1)
31 creatures vanquished.

Table legend:
 A = Non-vault XP
 B = Vault XP
 C = Vault XP percentage of total XP
 D = Non-vault monster count
 E = Vault monster count
 F = Vault count percentage of total count
                 A         B        C        D         E       F
            +---------+---------+-------+---------+---------+-------
      Total |      70 |       6 |   7.9 |      27 |       4 |  12.9
            +---------+---------+-------+---------+---------+-------
        D:1 |      48 |       6 |  11.1 |      21 |       4 |  16.0
        D:2 |      22 |       0 |   0.0 |       6 |       0 |   0.0
            +---------+---------+-------+---------+---------+-------

Illustrated notes

Table legend:
 A = Kills in this place as a percentage of kills in entire the game.
 B = Kills by you in this place as a percentage of kills by you in the entire game.
 C = Kills by friends in this place as a percentage of kills by friends in the entire game.
 D = Other kills in this place as a percentage of other kills in the entire game.
 E = Experience gained in this place as a percentage of experience gained in the entire game.
 F = Experience gained in this place divided by the number of levels of this place that you have seen.
                   A       B       C       D       E      F
               +-------+-------+-------+-------+-------+----------------------
         Total | 100.0 | 100.0 |   N/A |   N/A | 100.0 |  38.0
       Dungeon | 100.0 | 100.0 |   N/A |   N/A | 100.0 |  38.0
               +-------+-------+-------+-------+-------+----------------------

Table legend: (Time is in decaauts)
 A = Elapsed time spent in this place.
 B = Non-inter-level travel time spent in this place.
 C = Inter-level travel time spent in this place.
 D = Time resting spent in this place.
 E = Time spent auto-exploring this place.
 F = Levels seen in this place.
 G = Mean time per level.
                   A        B        C        D        E       F      G
               +--------+--------+--------+--------+--------+-----+--------+
         Total |   1270 |   1217 |     53 |      0 |    992 |   2 |  635.0 |
       Dungeon |   1270 |   1217 |     53 |      0 |    992 |   2 |  635.0 |
               +--------+--------+--------+--------+--------+-----+--------+

Top non-repeatable levels by time:
     D:1: 998 daAuts
     D:2: 271 daAuts
